 Dungeon Crawl Stone Soup version 0.18-a0-884-gb6cfd45 (webtiles) character file.

3773 Raultor the Demolition Demonspawn (level 9, -6/71 HPs)
             Began as a Demonspawn Gladiator on Dec 22, 2015.
             Was an Elder of Makhleb.
             Mangled by a troll (7 damage)
             ... on level 8 of the Dungeon.
             The game lasted 00:21:42 (7266 turns).

Raultor the Demolition Demonspawn (DsGl)            Turns: 7266, Time: 00:21:42

Health: -6/71      AC: 14    Str: 19    XL:     9   Next: 94%
Magic:  0/23       EV: 17    Int:  5    God:    Makhleb [****..]
Gold:   380        SH:  0    Dex: 20    Spells: 0 memorised, 8 levels left

rFire  . . .     SeeInvis .     K - +1 flail (protect)
rCold  + + .     Gourm    .     p - +1 leather armour {rC+}
rNeg   . . .     Faith    .     (no shield)
rPois  +         Spirit   +     c - +0 helmet
rElec  .         Dismiss  .     F - +0 cloak
rCorr  .         Reflect  .     h - +0 pair of gloves
SustAt .         Harm     .     k - +0 pair of boots
MR     .....                    (no amulet)
Stlth  ++++......               v - ring "Paxt" {rC+ MP+9 Str+3 Int-5 Stlth+}
                                m - ring of poison resistance {rPois, !d}

@: not resistant to hostile enchantments, stealthy
A: thin skeletal structure 2, powered by death 2, magic shield
a: Minor Destruction, Lesser Servant of Makhleb, Major Destruction, Renounce
Religion


You were on level 8 of the Dungeon.
You worshipped Makhleb.
Makhleb was greatly pleased with you.
You were very hungry.

You visited 2 branches of the dungeon, and saw 10 of its levels.
You also visited: Sewer.

You collected 380 gold pieces.

Inventory:

Hand Weapons
 K - a +1 flail of protection (weapon)
   (You took it off an orc on level 7 of the Dungeon)
Missiles
 d - 3 throwing nets {=f, !d}
Armour
 c - a +0 helmet (worn)
 h - a +0 pair of gloves (worn)
   (You found it on level 2 of the Dungeon)
 k - a +0 pair of boots (worn)
   (You found it on level 1 of the Dungeon)
 p - a +1 leather armour of cold resistance (worn)
   (You found it on level 2 of the Dungeon)
 F - a +0 cloak (worn)
   (You took it off Crazy Yiuf on level 5 of the Dungeon)
Jewellery
 m - a ring of poison resistance (left hand) {rPois, !d}
   (You found it on level 1 of the Dungeon)
 v - the ring "Paxt" (right hand) {rC+ MP+9 Str+3 Int-5 Stlth+}
   (You found it on level 4 of the Dungeon)

   [ring of strength]

   It affects your strength (+3).
   It affects your intelligence (-5).
   It protects you from cold.
   It affects your magic capacity (+9).
   It makes you more stealthy.
Wands
 G - a wand of frost (30/48)
   (You took it off Crazy Yiuf on level 5 of the Dungeon)
 H - a wand of frost (20/48)
   (You found it on level 6 of the Dungeon)
 J - a wand of polymorph (4/24)
   (You found it on level 8 of the Dungeon)
 M - a wand of teleportation (5/9)
   (You found it on level 8 of the Dungeon)
Scrolls
 e - 3 scrolls of teleportation {unknown}
 l - 9 scrolls of remove curse
 n - 7 scrolls of identify {unknown}
 r - 2 scrolls of noise {unknown}
 t - 3 scrolls of immolation {unknown}
 u - 3 scrolls of magic mapping {unknown}
 w - a scroll of recharging {unknown}
 y - a scroll of fear {unknown}
 C - 2 scrolls of blinking {unknown}
 D - a scroll of enchant armour {unknown}
Potions
 j - 6 potions of curing
 o - 2 potions of brilliance {unknown}
 q - a potion of lignification {unknown}
 s - a potion of poison {unknown}
 x - 3 potions of flight {unknown}
 z - a potion of might {unknown}
 A - 2 potions of agility
 B - 5 potions of heal wounds {unknown}
 E - a potion of invisibility {unknown}
 L - a potion of magic {unknown}
Books
 a - a book of the Earth
   (You found it on level 7 of the Dungeon)
 I - a book of Hinderance
   (You found it on level 9 of the Dungeon)
Comestibles
 b - 3 beef jerkies
 f - 11 bread rations {@e1}
 g - 2 slices of pizza
 i - 4 meat rations {@e2}


   Skills:
 + Level 6.8 Fighting
 * Level 6.8 Maces & Flails
 - Level 1.7 Throwing
 + Level 5.6 Armour
 + Level 6.6 Dodging
 + Level 7.2 Invocations


You had 8 spell levels left.
You didn't know any spells.

Dungeon Overview and Level Annotations

Branches:
Dungeon (9/15)             Temple (1/1) D:5
   Lair: D:8-11         Orc: D:9-12

Altars:
Ashenzari
Cheibriados
Dithmenos
Elyvilon
Gozag
Kikubaaqudgha
Makhleb
Nemelex Xobeh
Okawaru
Pakellas
Qazlal
Ru
Sif Muna
Trog
Vehumet
Xom
Yredelemnul
Zin
The Shining One

Shops:
D:4 *


Innate Abilities, Weirdness & Mutations

You have a moderately thin skeletal structure (Dex +4, Stealth+).
You regenerate health from kills.
When hurt, damage is shared between your health and your magic reserves.


Message History

You hear some strange, mumbled words.
A puff of flame appears from out of thin air!
The puff of flame misses you.
There is a stone staircase leading up here.
Something hits you but does no damage. The troll barely misses you.
The troll barely misses you. The troll closely misses you.
Something hits you but does no damage.
You climb upwards.
There is a stone staircase leading down here.
You closely miss something. Something hits you but does no damage.
You hear some strange, mumbled words.
A puff of frost appears from out of thin air!
The puff of frost hits you! You resist.
You take 2 damage, and have 68/71 hp.
You hit something but do no damage. Something hits you but does no damage.
You barely miss something. Something hits you but does no damage.
Something closely misses you.
You completely miss something. Something hits you but does no damage.
You barely miss something. Something hits you but does no damage.
You hear some strange, mumbled words.
A magic dart appears from out of thin air!
The magic dart hits you!
You take 1 damage, and have 67/71 hp.
You now have 22/23 mp.
You closely miss something. Something hits you but does no damage.
Something closely misses you.
You sock something!
You hear some strange, mumbled words.
A magic dart appears from out of thin air!
The magic dart hits you!
You miss something. Something hits you but does no damage. Something hits you.
You take 1 damage, and have 67/71 hp.
You barely miss something.
An orc wizard appears from thin air!
Reactivating autopickup.
The orc wizard closely misses you.
You sock the orc wizard!
You kill the orc wizard!
Makhleb accepts your kill.
You feel better.
Health restored: 71; MP restored: 23 You completely miss the troll.
The troll closely misses you. The troll barely misses you. x2
You hit the troll but do no damage. The troll completely misses you.
The troll claws you. x2
You take 7 damage, and have 64/71 hp.
You now have 21/23 mp.
You hit the troll. The troll bites you! The troll claws you but does no damage.
The troll claws you.
You take 4 damage, and have 60/71 hp.
You now have 19/23 mp.
You closely miss the troll. The troll bites you but does no damage.
The troll claws you. The troll barely misses you.
You take 1 damage, and have 59/71 hp.
You now have 18/23 mp.
You closely miss the troll. The troll barely misses you. The troll claws you.
The troll claws you.
You take 1 damage, and have 58/71 hp.
You now have 17/23 mp.
You barely miss the troll. The troll closely misses you.
The troll barely misses you. x2
You regained 2 hp, and now have 60/71 hp.
You hit the troll but do no damage. The troll barely misses you.
The troll completely misses you. The troll misses you.
You closely miss the troll. The troll closely misses you.
The troll completely misses you. The troll misses you.
You hit the troll. The troll bites you! The troll claws you.
The troll claws you but does no damage.
You take 11 damage, and have 51/71 hp.
You now have 15/23 mp.
You hit the troll but do no damage. The troll misses you. The troll claws you.
The troll barely misses you.
You take 2 damage, and have 49/71 hp.
You now have 14/23 mp.
You thump the troll! The troll bites you but does no damage.
The troll closely misses you. x2
You thump the troll! The troll completely misses you. The troll claws you!
The troll claws you but does no damage. The troll closely misses you.
The troll claws you but does no damage. The troll misses you.
You take 7 damage, and have 43/71 hp.
You now have 12/23 mp.
You hit the troll.
You feel less regenerative. The troll bites you.
The troll claws you but does no damage. The troll misses you.
You take 2 damage, and have 41/71 hp.
You hit the troll but do no damage. The troll closely misses you.
The troll claws you. x2
You take 7 damage, and have 34/71 hp.
You now have 11/23 mp.
You hit the troll. The troll misses you. The troll closely misses you.
The troll barely misses you.
You closely miss the troll. The troll completely misses you.
The troll claws you but does no damage. The troll misses you.
You sock the troll! The troll barely misses you. The troll claws you.
The troll claws you!
You take 9 damage, and have 25/71 hp.
You now have 9/23 mp.
You barely miss the troll. The troll bites you!
* * * LOW HITPOINT WARNING * * *
The troll closely misses you. The troll claws you.
* * * LOW HITPOINT WARNING * * *
You take 10 damage, and have 15/71 hp.
You now have 7/23 mp.
You hit the troll but do no damage. The troll closely misses you.
The troll claws you but does no damage. The troll closely misses you.
You hit the troll but do no damage. The troll bites you!!
* * * LOW HITPOINT WARNING * * *
The troll claws you.
* * * LOW HITPOINT WARNING * * *
The troll claws you!
You die...

.# #.##.#.#.##.##.#..............
.# #.##.#.#.##.##.#..######......
## #.##..............# ######.
#.####.........#.## #.
#................## ####.
####.#####.####.#.## #....
#######.#####.###.###.#######.##.
..............##@## ##...........
#######.#####.###T###.#######.##.
#.# #.###..#....# #.##. #.#
#=....#.<...#####.##. #>#
###.#####....>....##. #.#
#...#.....########.
#<########..#.#######.## #.
#.............#PP^P^##.###.


You could see a troll.

Vanquished Creatures
  Erolcha (D:8)
  A spriggan (D:7)
  3 hippogriffs
  A hungry ghost (D:9)
  An orc warrior (D:5)
  A black bear (D:7)
  A phantom (D:7)
  3 ogres
  A centaur (D:6)
  3 big kobolds
  A giant frog (D:7)
  2 killer bees (D:8)
  The ghost of M4edhros the Charlatan, a weakling OpAr (D:4)
  3 crimson imps
  A quasit (D:8)
  2 hounds
  6 orc priests
  Crazy Yiuf (D:5)
  5 iguanas
  10 orc wizards
  4 worker ants
  2 worker ant zombies
  8 adders
  4 river rats
  3 shadow imps
  3 oozes (D:1)
  7 giant geckos
  38 orcs
  8 hobgoblins
  7 jackals
  10 ball pythons
  10 bats
  3 giant cockroaches
  2 giant gecko zombies
  6 giant newts
  5 goblins
  22 kobolds
  4 quokkas
  31 rats
  A butterfly (D:5)
226 creatures vanquished.

Vanquished Creatures (collateral kills)
  Eustachio (D:6)
  A giant gecko zombie (D:6)
2 creatures vanquished.

Vanquished Creatures (others)
  A hound (D:6)
  2 jackals
  A fungus (D:8)
4 creatures vanquished.

Grand Total: 232 creatures vanquished

Notes
Turn   | Place    | Note
--------------------------------------------------------------
     0 | D:1      | Raultor the Demonspawn Gladiator began the quest for the Orb.
     0 | D:1      | Reached XP level 1. HP: 16/16 MP: 1/1
    79 | D:1      | HP: 4/16 [bat (1)]
   359 | D:1      | Gained mutation: You regenerate a little health from kills. [demonic ancestry]
   359 | D:1      | Reached XP level 2. HP: 17/23 MP: 2/2
   410 | D:1      | Reached skill level 3 in Dodging
   519 | D:1      | Gained mutation: You have a somewhat thin skeletal structure (Dex +2, Stealth). [demonic ancestry]
   519 | D:1      | Reached XP level 3. HP: 28/28 MP: 3/3
   607 | D:1      | Reached skill level 3 in Maces & Flails
   820 | D:1      | Reached skill level 1 in Armour
  1281 | D:2      | Reached XP level 4. HP: 32/34 MP: 4/4
  1483 | D:3      | Found a shattered altar of Ashenzari.
  1688 | D:3      | Reached skill level 3 in Fighting
  1892 | D:4      | Gained mutation: You regenerate health from kills. [demonic ancestry]
  1892 | D:4      | Reached XP level 5. HP: 22/41 MP: 5/5
  1969 | D:4      | Got a transparent glass ring
  1986 | D:4      | Identified the ring "Paxt" {rC+ MP+9 Str+3 Int-5 Stlth+} (You found it on level 4 of the Dungeon)
  2139 | D:4      | Found an ancient bone altar of Kikubaaqudgha.
  2149 | D:4      | Reached skill level 2 in Armour
  2396 | D:4      | Noticed M4edhros's ghost (weakling OpAr)
  2443 | D:4      | Killed M4edhros's ghost
  2443 | D:4      | Gained mutation: When hurt, damage is shared between your health and your magic reserves. [demonic ancestry]
  2443 | D:4      | Reached XP level 6. HP: 24/48 MP: 6/6
  2532 | D:4      | Found Tunyxain's General Store.
  2975 | D:5      | Entered Level 5 of the Dungeon
  2975 | D:5      | Found a staircase to the Ecumenical Temple.
  2983 | Temple   | Entered the Ecumenical Temple
  3060 | Temple   | Became a worshipper of Makhleb the Destroyer
  3111 | D:5      | Reached skill level 4 in Dodging
  3111 | D:5      | Reached skill level 1 in Invocations
  3140 | D:4      | Reached skill level 4 in Maces & Flails
  3188 | D:5      | Found a glowing drain.
  3193 | D:5      | Reached skill level 4 in Fighting
  3193 | D:5      | Reached skill level 2 in Invocations
  3255 | Sewer    | Entered a sewer
  3280 | Sewer    | Reached * piety under Makhleb
  3386 | Sewer    | Reached XP level 7. HP: 51/54 MP: 8/8
  3433 | Sewer    | Reached skill level 3 in Armour
  3468 | Sewer    | Reached ** piety under Makhleb
  3825 | D:5      | Reached skill level 3 in Invocations
  4072 | D:5      | Reached XP level 8. HP: 55/61 MP: 10/10
  4073 | D:5      | Reached *** piety under Makhleb
  4079 | D:5      | Found a stormy altar of Qazlal.
  4206 | D:5      | Noticed Crazy Yiuf
  4219 | D:5      | Killed Crazy Yiuf
  4328 | D:5      | Reached skill level 4 in Invocations
  4609 | D:6      | Reached skill level 5 in Fighting
  4609 | D:6      | Reached skill level 5 in Maces & Flails
  4609 | D:6      | Reached skill level 4 in Armour
  4609 | D:6      | Reached skill level 5 in Dodging
  4734 | D:6      | Noticed Eustachio
  4794 | D:6      | Killed Eustachio
  4937 | D:6      | Reached skill level 5 in Invocations
  5023 | D:6      | Found a radiant altar of Vehumet.
  5221 | D:7      | Found a shadowy altar of Dithmenos.
  5236 | D:7      | Found an iron altar of Okawaru.
  5762 | D:7      | Reached **** piety under Makhleb
  5762 | D:7      | Gained mutation: You have a moderately thin skeletal structure (Dex +4, Stealth+). [demonic ancestry]
  5762 | D:7      | Reached XP level 9. HP: 69/69 MP: 13/13
  5923 | D:8      | Noticed Erolcha
  6095 | D:8      | Found a sacrificial altar of Ru.
  6362 | D:8      | Reached skill level 6 in Fighting
  6362 | D:8      | Reached skill level 6 in Invocations
  6375 | D:8      | Killed Erolcha
  6375 | D:8      | Reached skill level 6 in Maces & Flails
  6375 | D:8      | Reached skill level 5 in Armour
  6375 | D:8      | Reached skill level 6 in Dodging
  6534 | D:8      | Found an oddly glowing altar of Pakellas.
  6954 | D:9      | Reached skill level 7 in Invocations
  6998 | D:8      | HP: 14/71 [killer bee (7)]
  7264 | D:8      | HP: 15/71 [troll (3)]
  7266 | D:8      | HP: 3/71 [troll (12)]
  7266 | D:8      | HP: 1/71 [troll (2)]
  7266 | D:8      | Mangled by a troll

Vault maps used:
D:1:      dpeg_arrival_another_circle, minmay_quantized
D:3:      ashenzari_altar_1, first_bread
D:4:      kiku_gazebo_pond_becter, serial_shops, shop
D:5:      kennysheep_mini_moat, minmay_temple_entry_butterflies,
          portal_sewer_entry_a, uniq_crazy_yiuf_cottage
D:6:      fiery_altar_vehumet, uniq_eustachio
D:7:      okawaru_trees_1, old_standard_altar, the_bakery
D:8:      johnstein_pakellas_death_squad, nicolae_ru_the_path_less_chosen,
          uniq_erolcha
D:9:      fedhas_altar_decomposition, minmay_diamond_spiral
Temple:   eino_temple_water_12
Sewer:    sewer_minmay_treatment

Action                   |  1- 3 |  4- 6 |  7- 9 || total
-------------------------+-------+-------+-------++-------
Melee: Flail             |   161 |   230 |   657 ||  1048
Invok: Lesser Servant of |       |       |     2 ||     2
  Use: Potion            |       |       |     2 ||     2
       Scroll            |       |       |     1 ||     1
 Stab: Sleeping          |     2 |     7 |    12 ||    21
       Distracted        |     1 |       |       ||     1
  Eat: Chunk             |     1 |     8 |    13 ||    22
       Pizza             |       |       |     1 ||     1

Vault maps used:
D:1:      dpeg_arrival_another_circle, minmay_quantized
D:3:      ashenzari_altar_1, first_bread
D:4:      kiku_gazebo_pond_becter, serial_shops, shop
D:5:      kennysheep_mini_moat, minmay_temple_entry_butterflies,
          portal_sewer_entry_a, uniq_crazy_yiuf_cottage
D:6:      fiery_altar_vehumet, uniq_eustachio
D:7:      okawaru_trees_1, old_standard_altar, the_bakery
D:8:      johnstein_pakellas_death_squad, nicolae_ru_the_path_less_chosen,
          uniq_erolcha
D:9:      fedhas_altar_decomposition, minmay_diamond_spiral
Temple:   eino_temple_water_12
Sewer:    sewer_minmay_treatment

Table legend:
 A = Turns spent in this place as a percentage of turns spent in the entire game.
 B = Non-inter-level travel turns spent in this place as a percentage of non-inter-level travel turns spent in the entire game.
 C = Inter-level travel turns spent in this place as a percentage of turns spent in this place.
 D = Turns resting spent in this place as a percentage of non-inter-level travel turns spent in this place.
 E = Turns spent auto-exploring this place as a percentage of non-inter-level travel turns spent in this place.
 F = Non-inter-level travel turns spent in this place divided by the number of levels of this place that you've seen.
                   A       B       C       D       E      F
               +-------+-------+-------+-------+-------+----------------------
         Total | 100.0 | 100.0 |   0.6 |   0.6 |   9.8 | 222.8
       Dungeon |  85.5 |  85.4 |   0.6 |   0.7 |   9.7 | 232.7
        Temple |   0.9 |   0.8 |   4.8 |   0.0 |  50.0 |  20.0
         Sewer |  13.7 |  13.7 |   0.0 |   0.0 |   8.0 | 337.0
               +-------+-------+-------+-------+-------+----------------------

Table legend:
 A = Kills in this place as a percentage of kills in entire the game.
 B = Kills by you in this place as a percentage of kills by you in the entire game.
 C = Kills by friends in this place as a percentage of kills by friends in the entire game.
 D = Other kills in this place as a percentage of other kills in the entire game.
 E = Experience gained in this place as a percentage of experience gained in the entire game.
 F = Experience gained in this place divided by the number of levels of this place that you have seen.
                   A       B       C       D       E      F
               +-------+-------+-------+-------+-------+----------------------
         Total | 100.0 | 100.0 | 100.0 |  -nan | 100.0 | 490.0
       Dungeon |  78.9 |  78.7 | 100.0 |  -nan |  94.3 | 565.0
         Sewer |  21.1 |  21.3 |   0.0 |  -nan |   5.7 | 305.0
               +-------+-------+-------+-------+-------+----------------------
